 Dungeon Crawl Stone Soup version 0.20.0-4-g10b340a (webtiles) character file.

695 Gorglomux the Spear-Bearer (level 7, -2/56 (57) HPs)
             Began as a Merfolk Monk on May 27, 2017.
             Killed from afar by Edmund (7 damage)
             ... with a wand of flame (?/48)
             ... on level 5 of the Dungeon.
             The game lasted 00:09:53 (5566 turns).

Gorglomux the Spear-Bearer (Merfolk Monk)           Turns: 5566, Time: 00:09:54

HP:   -2/56 (57)    AC:  7    Str: 12    XL:     7   Next: 64%
MP:   7/7           EV: 15    Int:  9    God:
Gold: 45            SH:  0    Dex: 18    Spells: 6/6 levels left

rFire    . . .     SeeInvis .   a - +1 spear
rCold    + . .     Gourm    .   (no shield)
rNeg     . . .     Faith    .   A - +0 ring mail
rPois    .         Spirit   .   (no helmet)
rElec    .         Reflect  .   (no cloak)
rCorr    .         Harm     .   W - +1 pair of gloves
MR       .....                  (no boots)
Stlth    +.........             (no amulet)
Regen    0.2/turn               B - ring of loudness (curse)
MPRegen  0.1/turn               c - ring of protection from cold

@: starving
A: change form in water, swift swim, stealthy swim
a: no special abilities


You were on level 5 of the Dungeon.
You were starving.

You visited 1 branch of the dungeon, and saw 5 of its levels.

You collected 255 gold pieces.
You spent 210 gold pieces at shops.

Inventory:

Hand Weapons
 a - a +1 spear (weapon)
Missiles
 T - 5 javelins of returning (quivered)
 Z - a throwing net
Armour
 b - a +0 robe
 A - a +0 ring mail (worn)
 W - a +1 pair of gloves (worn)
Jewellery
 c - a ring of protection from cold (right hand)
 B - a cursed ring of loudness (left hand)
Wands
 L - a wand of lightning (3/15)
Scrolls
 d - 4 scrolls of remove curse
 M - a scroll of magic mapping
 P - a scroll of fear {unknown}
 R - 5 scrolls of identify
Potions
 g - a potion of haste
 E - a potion of heal wounds
 F - 2 potions of flight
 K - a potion of berserk rage {unknown}
 N - a potion of agility
 O - 3 potions of lignification
 Q - 2 potions of degeneration
 X - 2 potions of might
 Y - 2 potions of curing
Books
 S - a book of Maledictions

   Spells                             Type                      Level
   a - Corona                         Hexes                        1
   b - Ensorcelled Hibernation        Hexes/Ice                    2
   c - Confuse                        Hexes                        3
   d - Tukima's Dance                 Hexes                        3
   e - Dazzling Spray                 Conjuration/Hexes            3
Comestibles
 z - 4 meat rations
 G - 4 royal jellies
 U - a fruit
 V - 3 bread rations


   Skills:
 + Level 5.9 Fighting
 + Level 8.0 Polearms
 + Level 7.5 Dodging
 - Level 2.1 Stealth


You had 6 spell levels left.
You didn't know any spells.

Dungeon Overview and Level Annotations

Branches:
Dungeon (5/15)
 Temple: D:4-7

Altars:
Fedhas
Kikubaaqudgha

Shops:
D:5 !

Annotations:
D:3 Grinder
D:5 Edmund


Message History

Edmund is lightly wounded.
Edmund zaps a wand.
The puff of flame hits you!
The orc hits you from afar with a trident.
Edmund zaps a wand.
The puff of flame hits you!
Edmund zaps a wand.
The puff of flame hits you!
Okay, then.
Edmund zaps a wand.
The puff of flame hits you!
Edmund zaps a wand.
The puff of flame hits you!
* * * LOW HITPOINT WARNING * * *
Edmund zaps a wand.
The puff of flame misses you.
Edmund zaps a wand.
The puff of flame misses you.
Edmund zaps a wand.
The puff of flame misses you.
You are starving!
Edmund zaps a wand.
The puff of flame hits you!
Edmund zaps a wand.
The puff of flame hits you!
* * * LOW HITPOINT WARNING * * *
Edmund zaps a wand.
The puff of flame hits you!
* * * LOW HITPOINT WARNING * * *
Edmund zaps a wand.
The puff of flame hits you!
You die...

# #.# ####'##.# #.# # #.#
#####.##.# #.# # #.#
#........# #.# #
#.####.######.# #.#
#......######.#######.#
#......##.....#.......#
#.####.##.#######.###.#
#......@..#######.###.#
###.####.###....@......##
....# ##.###.###########
###.# #.........# ###
######....# ######


You could see Edmund.

Vanquished Creatures
  A sky beast (D:5)
  A necrophage (D:5)
  A centaur (D:5)
  3 vampire bats (D:4)
  2 orc wizards
  An iguana (D:5)
  A worker ant (D:4)
  A hound zombie (D:5)
  Robin (D:2)
  A gnoll (D:1)
  7 adders
  2 worms
  4 leopard geckos
  8 orcs
  2 bat skeletons (D:4)
  2 bat zombies (D:4)
  7 giant cockroaches
  17 goblins
  4 hobgoblins
  8 jackals
  A quokka (D:4)
  4 ball pythons
  9 bats
  4 frilled lizards
  4 kobolds (D:1)
  A leopard gecko skeleton (D:4)
  7 rats
104 creatures vanquished.

Notes
Turn   | Place    | Note
-------+----------+-------------------------------------------
     0 | D:1      | Gorglomux the Merfolk Monk began the quest for the Orb.
     0 | D:1      | Reached XP level 1. HP: 18/18 MP: 1/1
   206 | D:1      | Reached XP level 2. HP: 24/24 MP: 2/2
   478 | D:1      | Reached XP level 3. HP: 28/29 MP: 3/3
  1042 | D:2      | Reached skill level 5 in Polearms
  1178 | D:2      | Noticed Robin
  1195 | D:2      | Reached XP level 4. HP: 36/37 MP: 4/4
  1230 | D:2      | Killed Robin
  2514 | D:3      | Reached XP level 5. HP: 42/42 MP: 5/5
  2592 | D:3      | Reached skill level 6 in Dodging
  3028 | D:3      | Noticed Grinder
  3034 | D:3      | Paralysed by Grinder for 7 turns
  3286 | D:3      | Found a blossoming altar of Fedhas.
  3373 | D:3      | Reached skill level 6 in Polearms
  3778 | D:5      | Entered Level 5 of the Dungeon
  3849 | D:4      | Reached XP level 6. HP: 49/49 MP: 6/6
  4446 | D:4      | Found an ancient bone altar of Kikubaaqudgha.
  4470 | D:4      | Reached skill level 7 in Polearms
  4638 | D:5      | Found Peawuc's Distillery.
  4649 | D:5      | Bought a potion of degeneration for 15 gold pieces
  4649 | D:5      | Bought a potion of agility for 60 gold pieces
  4649 | D:5      | Bought a potion of curing for 45 gold pieces
  4649 | D:5      | Bought 2 potions of lignification for 90 gold pieces
  4716 | D:5      | Noticed Edmund
  5005 | D:5      | Noticed a necrophage
  5023 | D:5      | Killed a necrophage
  5023 | D:5      | Reached XP level 7. HP: 51/55 MP: 7/7
  5424 | D:5      | Reached skill level 8 in Polearms
  5566 | D:5      | Killed from afar by Edmund

Skill      XL: |  1  2  3  4  5  6  7 |
---------------+----------------------+-----
Dodging        | 5 6 7 |  7.5
Polearms       | 5 6 7 8 |  8.0
Fighting       | 4 5 |  5.9
Stealth        | |  2.1

Action                   |  1- 3 |  4- 6 |  7- 9 || total
-------------------------+-------+-------+-------++-------
Melee: Spear             |   108 |   404 |    61 ||   573
  Use: Scroll            |     4 |     6 |       ||    10
       Potion            |       |     1 |       ||     1
 Stab: Sleeping          |     3 |       |       ||     3
  Eat: Chunk             |     1 |    12 |       ||    13
Armor: Robe              |     1 |       |       ||     1
       Ring mail         |    14 |   114 |    16 ||   144
Dodge: Dodged            |    61 |   255 |    26 ||   342
